 Dungeon Crawl Stone Soup version 0.19.0-24-gb05acd6 (webtiles) character file.

2973 Patate the Fighter (level 9, -2/133 HPs)
             Began as a Minotaur Berserker on Nov 21, 2016.
             Was an Elder of Trog.
             Slain by an orc warrior
             ... wielding a cursed -1 war axe
              (11 damage)
             ... on level 7 of the Dungeon on Nov 23, 2016.
             The game lasted 00:15:34 (6934 turns).

Patate the Fighter (Minotaur Berserker)             Turns: 6934, Time: 00:15:34

Health: -2/133     AC:  6    Str: 30    XL:     9   Next: 53%
Magic:  8/8        EV: 11    Int:  4    God:    Trog [****..]
Gold:   514        SH:  0    Dex: 10    Spells: 0 memorised, 8 levels left

rFire  . . .     SeeInvis .     a - +1 hand axe
rCold  . . .     Gourm    .     h - +0 ring mail {rPois}
rNeg   . . .     Faith    .     (no shield)
rPois  +         Spirit   .     (helmet restricted)
rElec  .         Reflect  .     (no cloak)
rCorr  .         Harm     .     (no gloves)
MR     +++..                    (no boots)
Stlth  ..........               (no amulet)
                                r - ring of protection from magic
                                j - ring of stealth

@: berserking, starving, regenerating, drained, very quick
A: retaliatory headbutt, horns 2
a: Berserk, Trog's Hand, Brothers in Arms, Burn Spellbooks, Renounce Religion


You were on level 7 of the Dungeon.
You worshipped Trog.
Trog was greatly pleased with you.
You were starving.

You visited 1 branch of the dungeon, and saw 7 of its levels.

You collected 514 gold pieces.

Inventory:

Hand Weapons
 a - a +1 hand axe (weapon)
Armour
 h - a +0 ring mail of poison resistance (worn)
Jewellery
 j - a ring of stealth (left hand)
 r - a ring of protection from magic (right hand)
Wands
 n - a wand of lightning (4/15)
Scrolls
 b - 5 scrolls of remove curse
 m - a scroll of blinking
 s - a scroll of teleportation
 w - a scroll of magic mapping
Potions
 d - 2 potions of haste
 e - 3 potions of curing
 f - 2 potions of agility {unknown}
 g - 2 potions of brilliance {unknown}
 k - 4 potions of heal wounds {unknown}
 l - 2 potions of might
 o - 4 potions of berserk rage {unknown}
 p - 3 potions of lignification {unknown}
 t - a potion of degeneration {unknown}
 v - 2 potions of cure mutation {unknown}
Comestibles
 c - 6 bread rations
 i - a beef jerky
 q - a royal jelly
 u - 10 chunks of flesh


   Skills:
 * Level 11.4(10.9) Fighting
 + Level 8.9(8.4) Axes
 + Level 8.4(7.9) Armour
 - Level 2.1(1.8) Dodging


You had 8 spell levels left.
You didn't know any spells.

Dungeon Overview and Level Annotations

Branches:
Dungeon (7/15)             Temple (0/1) D:6

Altars:
Dithmenos
Gozag
Kikubaaqudgha
Makhleb
Nemelex Xobeh
Qazlal
Xom


Innate Abilities, Weirdness & Mutations

You reflexively headbutt those who attack you in melee.
You have a pair of horns on your head.


Message History

* * * LOW HITPOINT WARNING * * *
You feel better.
You closely miss the orc warrior. Your headbutt misses the orc warrior.
The orc warrior is heavily wounded.
The orc warrior hits you with a war axe.
You closely miss the orc warrior.
The orc warrior is heavily wounded.
The orc warrior hits you with a war axe!
* * * LOW HITPOINT WARNING * * *
A red film seems to cover your vision as you go berserk!
You feel yourself moving faster!
You feel mighty!
You are starving!
The orc warrior hits you with a war axe!
* * * LOW HITPOINT WARNING * * *
You hit the orc warrior.
The orc warrior is severely wounded.
You hit the orc warrior but do no damage.
The orc warrior is severely wounded.
The orc warrior hits you with a war axe!
You die...

###......(.†.......
###....g###......
##..g.# ......
#..)g# .....
#.##(### ...
#....Kg# .. #.##.#h#
. #....#o# #..###@#
#..###.###
##.).......
#######..)..##..#
#............#..#
####.####..........#
.....# #.#...###..#
###### #.##.## ..#
#.#### ..


You could see an orc warrior, a big kobold, a hound and a hobgoblin.

Vanquished Creatures
  Prince Ribbit (D:5)
  The ghost of Patate the Skirmisher, an amateur OgHu (D:4)
  Sigmund (D:2)
  Menkaure (D:4)
  Duvessa (D:6)
  A sky beast (D:7)
  A black bear (D:7)
  A phantom (D:5)
  4 ogres
  2 centaurs
  A bullfrog (D:7)
  Dowan (D:6)
  2 scorpions
  5 killer bees (D:7)
  A howler monkey (D:5)
  4 crimson imps
  5 hounds
  A jelly (D:5)
  5 orc wizards
  A bullfrog skeleton (D:5)
  3 orc priests
  6 worker ants
  A hound zombie (D:7)
  Robin (D:4)
  A hound skeleton (D:4)
  3 gnolls (D:7)
  10 adders
  A shadow imp (D:6)
  3 oozes
  4 worms
  A dart slug (D:3)
  3 leopard geckos
  14 orcs
  2 ball pythons (D:4)
  7 giant cockroaches
  13 hobgoblins
  6 jackals
  2 quokkas
  10 bats
  8 frilled lizards
  14 goblins
  8 kobolds
  5 rats
166 creatures vanquished.

Vanquished Creatures (others)
  A plant (D:7)
1 creature vanquished.

Grand Total: 167 creatures vanquished

Notes
Turn   | Place    | Note
-------+----------+-------------------------------------------
     0 | D:1      | Patate the Minotaur Berserker began the quest for the Orb.
     0 | D:1      | Reached XP level 1. HP: 19/19 MP: 0/0
   257 | D:1      | Reached XP level 2. HP: 26/27 MP: 1/1
   277 | D:1      | Reached skill level 4 in Fighting
   652 | D:2      | Reached XP level 3. HP: 27/33 MP: 2/2
   801 | D:2      | Found a burning altar of Makhleb.
   806 | D:2      | Found a faded altar of an unknown god.
   808 | D:2      | Found a faded altar of an unknown god.
   809 | D:2      | Found a faded altar of an unknown god.
   812 | D:2      | Found an ancient bone altar of Kikubaaqudgha.
   938 | D:2      | Reached ** piety under Trog
  1433 | D:2      | Noticed Sigmund
  1437 | D:2      | Killed Sigmund
  1437 | D:2      | Reached skill level 5 in Fighting
  1437 | D:2      | Reached skill level 5 in Axes
  1437 | D:2      | Reached XP level 4. HP: 44/44 MP: 3/3
  1437 | D:2      | Reached XP level 5. HP: 50/50 MP: 4/4
  1844 | D:3      | Reached skill level 6 in Fighting
  1844 | D:3      | Reached XP level 6. HP: 56/57 MP: 5/5
  2364 | D:3      | Found a sparkling altar of Nemelex Xobeh.
  2369 | D:3      | Found a shimmering altar of Xom.
  2369 | D:3      | Found a shadowy altar of Dithmenos.
  2651 | D:4      | Noticed Patate's ghost (amateur OgHu)
  2658 | D:4      | Killed Patate's ghost
  2658 | D:4      | Reached skill level 7 in Fighting
  2712 | D:4      | Reached XP level 7. HP: 62/66 MP: 6/6
  2753 | D:4      | Noticed Menkaure
  2774 | D:4      | Killed Menkaure
  2774 | D:4      | Reached skill level 5 in Armour
  3073 | D:4      | Reached *** piety under Trog
  3443 | D:4      | Noticed Robin
  3474 | D:4      | Killed Robin
  3662 | D:4      | Reached skill level 8 in Fighting
  4061 | D:5      | Entered Level 5 of the Dungeon
  4359 | D:5      | Reached XP level 8. HP: 74/75 MP: 7/7
  4546 | D:5      | Noticed Prince Ribbit
  4556 | D:5      | Killed Prince Ribbit
  4556 | D:5      | Reached skill level 9 in Fighting
  4745 | D:5      | Reached **** piety under Trog
  5443 | D:5      | Found an opulent altar of Gozag.
  5443 | D:5      | Found a stormy altar of Qazlal.
  5518 | D:5      | Reached skill level 10 in Fighting
  5950 | D:6      | Reached XP level 9. HP: 86/86 MP: 8/8
  6185 | D:6      | Found a staircase to the Ecumenical Temple.
  6224 | D:6      | Noticed Duvessa
  6224 | D:6      | Noticed Dowan
  6230 | D:6      | Killed Duvessa
  6238 | D:6      | Killed Dowan
  6550 | D:7      | Reached skill level 11 in Fighting
  6934 | D:7      | Slain by an orc warrior

Skill      XL: |  1  2  3  4  5  6  7  8  9 |
---------------+----------------------------+-----
Fighting       | 4 5 6 7 8 10 11 | 11.4
Axes           | 4 5 6 8 |  8.9
Armour         | 3 4 5 7 8 |  8.4
Dodging        | |  2.1

Action                   |  1- 3 |  4- 6 |  7- 9 || total
-------------------------+-------+-------+-------++-------
Melee: Hand axe          |    96 |    77 |   315 ||   488
       Headbutt          |     8 |     9 |    57 ||    74
Invok: Berserk           |     1 |     1 |     2 ||     4
       Trog's Hand       |       |     1 |     6 ||     7
       Burn Spellbooks   |       |       |     2 ||     2
  Use: Scroll            |     5 |       |     9 ||    14
       Potion            |       |       |     3 ||     3
  Eat: Chunk             |     2 |     5 |    15 ||    22
       Beef jerky        |       |       |     1 ||     1
Armor: Animal skin       |     9 |       |       ||     9
       Ring mail         |    14 |    19 |    85 ||   118
Dodge: Dodged            |    58 |    38 |   162 ||   258
